Map: Crimson Research Lab LE

Players

Tossadar

  • Race: Protoss Protoss
  • Spawn Location: 5:00

Havaj

  • Race: Terran Terran
  • League: Master
  • Spawn Location: 5:00

Ekelpack

  • Race: Zerg Zerg
  • Spawn Location: 11:00

Nyck

  • Race: Terran Terran
  • Spawn Location: 11:00

VOD

Have the link to the VOD?

Description

Time

  • Played on: April 18, 2025, 3:27 p.m.
  • Length: 7:31
Show
View Real Time Build Order
Export as new Build Order

Tossadar Protoss 

Build Orders: 1 Gate Expand, Blink Stalkers 

Get SALT Encoding   

  12  0:00  Probe  
  13  0:12  Probe  
  14  0:17  Pylon  
  14  0:24  Probe  
  15  0:32  Probe  
  15  0:37  Gateway  
  15  0:40  Probe  
  16  0:47  Assimilator  
  17  0:51  Probe  
  18  1:03  Probe  
  19  1:15  Probe  
  20  1:24  Cybernetics Core  
  20  1:27  Probe  
  21  1:38  Nexus  
  21  1:43  Pylon  
  21  1:51  Adept  
  21  1:53  Probe  
  22  1:56  Assimilator  
  22  2:02  Warp Gate  
  22  2:05  Probe  
  25  2:17  Probe  
  25  2:22  Stalker  
  26  2:29  Probe  
  29  2:41  Probe  
  30  2:46  Twilight Council  
  30  2:50  Stalker, Probe  
  31  2:56  Probe  
  34  3:00  Gateway  
  34  3:03  Probe  
  34  3:04  Blink  
  35  3:09  Probe  
  36  3:15  Probe  
  37  3:21  Probe  
  38  3:27  Probe  
  38  3:33  Probe  
  40  3:36  Robotics Facility  
  40  3:39  Probe  
  41  3:44  Gateway  
  41  3:45  Probe  
  41  3:47  Gateway  
  42  3:52  Pylon  
  42  3:53  Probe  
  43  3:57  Probe  
  43  4:02  Stalker  
  46  4:10  Probe, Pylon  
  46  4:11  Stalker  
  46  4:12  Warp Prism  
  51  4:26  Assimilator  
  51  4:30  Stalker  
  53  4:35  Pylon  
  53  4:37  Stalker  
  55  4:42  Stalker x2  
  59  4:58  Pylon  
  59  4:59  Stalker  
  61  5:00  Stalker  
  61  5:05  Stalker x2  
  67  5:10  Probe  
  67  5:11  Probe  
  67  5:13  Pylon  
  69  5:26  Stalker x2  
  73  5:31  Stalker  
  73  5:32  Stalker  
  77  5:39  Pylon  
  77  5:46  Observer  
  66  6:05  Stalker x4  
  66  6:08  Probe x2  
  66  6:09  Nexus  
  76  6:12  Pylon  
  76  6:20  Probe  
  77  6:31  Stalker x4  
  85  6:33  Probe x2  
  85  6:37  Pylon  
  87  6:46  Observer  
  88  6:50  Probe x2  
  90  6:56  Stalker x2  
  90  6:57  Stalker  
  96  7:02  Probe x2  
  94  7:14  Probe x2  
  88  7:20  Stalker x4  
Show
View Real Time Build Order
Export as new Build Order

Havaj Terran 

Build Orders:  

Get SALT Encoding   

  12  0:00  SCV  
  13  0:13  SCV  
  14  0:19  Supply Depot  
  14  0:25  SCV  
  15  0:40  SCV  
  16  0:44  Barracks  
  16  0:52  SCV  
  17  1:04  SCV  
  18  1:13  Refinery  
  18  1:16  SCV  
  19  1:29  SCV  
  20  1:33  Supply Depot  
  20  1:39  Command Center  
  20  1:42  SCV  
  20  1:45  Marine  
  22  1:54  SCV  
  23  2:05  Marine  
  23  2:06  SCV  
  25  2:18  SCV  
  26  2:23  Marine  
  26  2:24  Factory  
  27  2:30  SCV  
  27  2:42  SCV, Marine  
  29  2:55  Orbital Command  
  29  3:00  Refinery  
  29  3:01  Marine  
  30  3:10  Supply Depot  
  30  3:12  Factory Tech Lab  
  30  3:17  SCV, Starport  
  31  3:22  SCV  
  32  3:31  SCV  
  33  3:35  Refinery  
  33  3:36  Refinery  
  33  3:38  Marine  
  37  3:42  Siege Tank  
  37  3:46  SCV x2  
  39  3:56  Barracks Tech Lab  
  39  3:58  SCV x2  
  41  4:03  Barracks  
  41  4:07  Medivac  
  43  4:10  SCV x2  
  45  4:19  Siege Tank  
  48  4:26  Marine  
  48  4:29  SCV x2  
  51  4:39  Medivac  
  51  4:42  SCV  
  54  4:48  Supply Depot  
  54  4:57  Barracks Reactor  
  54  4:58  SCV  
  55  5:03  Stimpack  
  55  5:10  Siege Tank  
  55  5:14  Marine  
  58  5:16  SCV x2  
  61  5:29  Command Center  
  61  5:32  Marine  
  62  5:35  Marine  
  62  5:36  Marine  
  62  5:42  Engineering Bay  
  64  5:44  Starport Reactor  
  64  5:46  Siege Tank  
  64  5:49  Marine  
  67  5:53  Marine x2  
  70  6:02  Barracks  
  70  6:14  Supply Depot  
  70  6:15  Supply Depot  
  70  6:17  Marine  
  71  6:19  Orbital Command  
  71  6:21  SCV  
  71  6:23  Marine x2  
  74  6:33  SCV  
  74  6:35  Marine  
  74  6:45  SCV  
  75  6:57  SCV  
  76  7:02  Marine x4  
Show
View Real Time Build Order
Export as new Build Order

Ekelpack Zerg 

Build Orders: Hatch First 

Get SALT Encoding   

  12  0:00  Drone  
  13  0:12  Overlord  
  13  0:18  Drone  
  14  0:31  Drone x2  
  14  0:35  Drone  
  17  0:47  Drone  
  18  0:56  Hatchery  
  17  0:58  Drone  
  17  1:01  Extractor  
  17  1:07  Drone  
  18  1:18  Drone  
  18  1:21  Spawning Pool  
  18  1:28  Drone  
  19  1:39  Drone  
  20  2:08  Queen x2  
  22  2:09  Drone  
  22  2:11  Drone  
  22  2:12  Overlord  
  26  2:18  Metabolic Boost  
  26  2:21  Drone  
  27  2:24  Drone  
  28  2:35  Drone x3  
  31  2:38  Extractor  
  31  2:42  Drone  
  31  2:45  Lair  
  31  2:55  Drone x3  
  31  2:58  Extractor  
  33  3:05  Drone x2  
  35  3:28  Overlord x2  
  35  3:30  Zergling x2  
  35  3:33  Extractor  
  35  3:38  Drone  
  36  3:45  Queen  
  38  3:49  Drone x3  
  41  3:57  Drone x3  
  41  4:02  Spire  
  43  4:03  Drone x2, Overlord  
  43  4:08  Drone  
  46  4:13  Overlord  
  46  4:14  Zergling x4  
  48  4:33  Overlord  
  48  4:40  Zergling x2  
  48  4:41  Zergling x8  
  51  5:18  Mutalisk x5  
  51  5:19  Mutalisk x4  
  68  5:32  Overlord  
  68  5:33  Overlord, Mutalisk x2  
  69  5:50  Overlord  
  69  5:51  Overlord x2  
  61  6:05  Zergling x2  
  61  6:06  Zergling x6  
  65  6:26  Mutalisk  
  65  6:27  Mutalisk x5  
  65  6:31  Hatchery  
  73  6:43  Zergling x2  
  73  6:44  Zergling x14  
  68  7:06  Mutalisk x2  
  68  7:07  Mutalisk x2  
Show
View Real Time Build Order
Export as new Build Order

Nyck Terran 

Build Orders: Reaper Expand 

Get SALT Encoding   

  12  0:00  SCV  
  13  0:12  SCV  
  14  0:17  Supply Depot  
  14  0:24  SCV  
  15  0:38  SCV  
  15  0:41  Barracks  
  16  0:46  Refinery  
  16  0:52  SCV  
  17  1:05  SCV  
  18  1:20  SCV  
  19  1:29  Reaper  
  20  1:33  SCV  
  20  1:36  Command Center  
  22  2:03  Orbital Command  
  21  2:12  Refinery  
  21  2:14  Factory  
  21  2:16  Supply Depot  
  21  2:19  Barracks Tech Lab  
  21  2:27  Barracks  
  21  2:30  SCV  
  22  2:42  SCV  
  23  2:50  Orbital Command  
  23  2:59  Marauder  
  23  3:02  Hellion  
  23  3:04  SCV  
  28  3:14  Starport  
  28  3:16  Barracks Reactor  
  28  3:23  SCV  
  28  3:24  SCV  
  30  3:35  SCV  
  30  3:36  SCV  
  30  3:37  Marauder  
  30  3:39  Factory Reactor  
  34  3:47  SCV  
  34  3:48  SCV  
  36  3:54  Supply Depot  
  36  3:55  Marine x2  
  36  4:00  SCV  
  36  4:01  SCV  
  40  4:07  Marine  
  41  4:14  SCV x2  
  43  4:22  Supply Depot  
  43  4:23  Viking x2  
  47  4:25  Factory Reactor  
  47  4:28  SCV  
  48  4:33  Refinery  
  48  4:34  SCV  
  48  4:35  Refinery  
  49  4:46  Supply Depot  
  49  4:48  SCV x2  
  51  5:05  Viking x2  
  55  5:08  SCV x2  
  57  5:18  Command Center  
  57  5:33  Command Center  
  57  5:37  SCV x2, Engineering Bay  
  55  6:12  Marine x2  
  55  6:13  Marauder  
  55  6:15  Widow Mine  
  55  6:17  Viking x2  
  51  6:34  Marine x3  
  51  6:37  Widow Mine  
  50  6:49  Planetary Fortress  
Tags
 
Add a new tag
Caveats
  • Supply blocks, unpowered buildings, or Contaminate may cause inaccurate times.
  • Supply counts are checked every 10 seconds.